 Dungeon Crawl Stone Soup version 0.23-a0-321-g6bcb69f058 (webtiles) character file.

3189 Banto the Spear-Bearer (level 9, 0/61 HPs)
             Began as a Demonspawn Gladiator on Oct 15, 2018.
             Was an Elder of Okawaru.
             Slain by a two-headed ogre
             ... wielding a +0 giant club
              (8 damage)
             ... on level 8 of the Dungeon.
             The game lasted 00:05:21 (5072 turns).

Banto the Spear-Bearer (Demonspawn Gladiator)       Turns: 5072, Time: 00:05:21

Health: 0/61       AC: 12    Str: 15    XL:     9   Next: 64%
Magic:  9/9        EV: 10    Int: 11    God:    Okawaru [****..]
Gold:   264        SH:  0    Dex: 16    Spells: 8/8 levels left

rFire    . . .     SeeInvis +   j - +5 whip (venom)
rCold    . . .     Gourm    .   (no shield)
rNeg     . . .     Faith    .   n - +3 scale mail {MR+}
rPois    .         Spirit   .   c - +0 helmet
rElec    .         Reflect  .   (no cloak)
rCorr    .         Harm     .   (no gloves)
MR       +....                  (no boots)
Stlth    ..........             k - amulet of the acrobat
HPRegen  0.20/turn              u - ring of see invisible
MPRegen  0.11/turn              (no ring)

@: no status effects
A: talons 2, iridescent scales 1, demonic guardian 1, spiny 2
a: Heroism, Renounce Religion


You were on level 8 of the Dungeon.
You worshipped Okawaru.
Okawaru was greatly pleased with you.
You were hungry.

You visited 1 branch of the dungeon, and saw 7 of its levels.

You collected 264 gold pieces.

Inventory:

Hand Weapons
 a - a +0 trident
 j - a +5 whip of venom (weapon)
Missiles
 d - 4 throwing nets (quivered)
 t - 8 curare-tipped needles
Armour
 b - a +0 leather armour
 c - a +0 helmet (worn)
 n - a +3 scale mail of magic resistance (worn)
 w - a +0 cloak
Jewellery
 k - an amulet of the acrobat (around neck)
 u - a ring of see invisible (left hand)
Wands
 r - a wand of scattershot (5)
 y - a wand of enslavement (11)
 B - a wand of acid (7)
Scrolls
 h - 3 scrolls of immolation
 i - a scroll of teleportation {unknown}
 m - a scroll of amnesia {unknown}
 o - 2 scrolls of enchant weapon
 A - a scroll of remove curse
 C - a scroll of identify
 D - a scroll of fog
 E - a scroll of acquirement {unknown}
Potions
 e - 2 potions of curing
 g - 2 potions of flight
 l - a potion of degeneration
 p - a potion of berserk rage
 q - 2 potions of agility
 s - a potion of lignification {unknown}
 v - a potion of brilliance {unknown}
 x - a potion of heal wounds {unknown}
 z - a potion of magic {unknown}
Comestibles
 f - 16 rations


   Skills:
 - Level 2.0 Fighting
 + Level 12.4 Polearms
 - Level 1.7 Throwing
 - Level 2.6 Dodging


You had 8 spell levels left.
You didn't know any spells.
Your spell library was empty.

Dungeon Overview and Level Annotations

Branches:
Dungeon (8/15)             Temple (0/1) D:5
   Lair: D:8-11

Altars:
Cheibriados
Dithmenos
Nemelex Xobeh
Okawaru
Ru
Uskayaw
Yredelemnul
The Shining One

Shops:
D:5 :**   D:6 %


Innate Abilities, Weirdness & Mutations

You have razor-sharp toenails.
You are partially covered in iridescent scales. (AC +2)
A weak demonic guardian rushes to your aid.
You are mostly covered in sharp spines.


Message History

Okawaru accepts your kill.
No target in view!
You see here a bullfrog corpse.
A two-headed ogre comes into view. It is wielding two +0 giant clubs.
The two-headed ogre shouts in stereo!
Health restored: 61 A two-headed ogre is nearby!
A two-headed ogre is nearby!
You whack the two-headed ogre!
The two-headed ogre is poisoned.
The two-headed ogre is lightly wounded.
The two-headed ogre hits you with a +0 giant club!! x2
You take 42 damage, and have 19/61 hp.
MASSIVE DAMAGE!!
You are too injured to fight recklessly!
You are too injured to fight recklessly!
You hit the two-headed ogre.
The two-headed ogre is moderately wounded.
The two-headed ogre hits you with a +0 giant club!
* * * LOW HITPOINT WARNING * * *
The two-headed ogre hits you with a +0 giant club!
You die...

#.......)).
#.####..... ####.
#..... #.. #.....
#.# #....) #.#
#.....
#####.#######.....
#5.......†.##.....
#@###.####.##.....
#O# #.# #.##.####
#.# #.# #.##.####
#.# #.####.#......
#.# #............#
#.# ######.#..##..
#.# #.#...... #..
..#.##### ####..
...


You could see a two-headed ogre and a friendly white imp.

Vanquished Creatures
  The ghost of motoroller71 the Shield-Bearer, an amateur GnFi (D:5)
  Menkaure (D:5)
  Edmund (D:6)
  An acid dragon (D:7)
  A water moccasin (D:7)
  Duvessa (D:5)
  An orc warrior (D:8)
  An ice beast (D:5)
  2 sky beasts
  A centaur (D:7)
  An ogre (D:8)
  5 bullfrogs
  A wyvern skeleton (D:8)
  2 scorpions (D:4)
  2 howler monkeys (D:4)
  A crimson imp (D:8)
  A bullfrog zombie (D:5)
  2 jellies
  2 orc priests
  3 hounds
  2 gnoll shamans (D:7)
  2 centaur skeletons
  6 orc wizards
  An iguana (D:5)
  Natasha (twice) (D:4)
  Ijyb (D:4)
  6 worker ants
  2 hound skeletons
  2 worker ant zombies
  A howler monkey skeleton (D:8)
  8 gnolls
  8 adders
  An ooze (D:1)
  2 adder skeletons (D:5)
  3 dart slugs
  A worm (D:5)
  4 leopard geckos
  26 orcs
  7 bats
  2 giant cockroaches
  5 goblins
  7 hobgoblins
  6 jackals
  3 quokkas
  2 ball pythons
  4 frilled lizards
  A jackal skeleton (D:4)
  5 kobolds
  A leopard gecko skeleton (D:7)
  A quokka zombie (D:5)
  6 rats
159 creatures vanquished.

Vanquished Creatures (collateral kills)
  Prince Ribbit (D:5)
  An orc warrior (D:6)
  A bullfrog (D:8)
  Dowan (D:5)
  Natasha (D:4)
  A gnoll (D:7)
  2 orcs (D:8)
8 creatures vanquished.

Grand Total: 167 creatures vanquished

Notes
Turn   | Place    | Note
-------+----------+-------------------------------------------
     0 | D:1      | Banto the Demonspawn Gladiator began the quest for the Orb.
     0 | D:1      | Reached XP level 1. HP: 16/16 MP: 1/1
    95 | D:1      | Reached skill level 3 in Polearms
   179 | D:1      | Gained mutation: You have sharp toenails. [demonic
                  | ancestry]
   179 | D:1      | Reached XP level 2. HP: 18/22 MP: 2/2
   500 | D:1      | Reached XP level 3. HP: 21/27 MP: 3/3
   590 | D:1      | Reached skill level 4 in Polearms
   883 | D:1      | You fall through a shaft!
   918 | D:2      | Found an iron altar of Okawaru.
   934 | D:2      | Became a worshipper of Warmaster Okawaru
   961 | D:2      | Gained mutation: You are partially covered in iridescent
                  | scales. (AC +2) [demonic ancestry]
   961 | D:2      | Reached XP level 4. HP: 9/33 MP: 4/4
  1076 | D:2      | Found a shadowy altar of Dithmenos.
  1324 | D:2      | Reached skill level 5 in Polearms
  1359 | D:2      | Found a faded altar of an unknown god.
  1404 | D:2      | You fall through a shaft for 2 floors!
  1409 | D:4      | Gained mutation: You are partially covered in sharp spines.
                  | [demonic ancestry]
  1409 | D:4      | Reached XP level 5. HP: 27/38 MP: 5/5
  1412 | D:4      | Reached * piety under Okawaru
  1615 | D:4      | Noticed Ijyb
  1623 | D:4      | Killed Ijyb
  1623 | D:4      | Reached skill level 6 in Polearms
  1672 | D:4      | Gained mutation: A weak demonic guardian rushes to your
                  | aid. [demonic ancestry]
  1672 | D:4      | Reached XP level 6. HP: 33/44 MP: 6/6
  1682 | D:4      | Noticed Natasha
  1687 | D:4      | Killed Natasha
  1752 | D:4      | Noticed Natasha
  1757 | D:4      | Killed Natasha
  1784 | D:4      | Found a snail-covered altar of Cheibriados.
  1852 | D:4      | Noticed Natasha
  1860 | D:4      | Killed Natasha
  1860 | D:4      | Reached skill level 7 in Polearms
  2029 | D:5      | Entered Level 5 of the Dungeon
  2056 | D:5      | Found Riji's Book Boutique.
  2125 | D:5      | Gained mutation: You are mostly covered in sharp spines.
                  | [demonic ancestry]
  2125 | D:5      | Reached XP level 7. HP: 47/50 MP: 7/7
  2147 | D:5      | Noticed Prince Ribbit
  2153 | D:5      | Killed Prince Ribbit
  2153 | D:5      | Reached ** piety under Okawaru
  2155 | D:5      | Found a runed door.
  2155 | D:5      | Noticed motoroller71's ghost (amateur GnFi)
  2227 | D:5      | Found Owuakh's General Store.
  2273 | D:5      | Reached skill level 8 in Polearms
  2341 | D:5      | Killed motoroller71's ghost
  2650 | D:5      | Noticed Duvessa
  2651 | D:5      | Noticed Dowan
  2656 | D:5      | Killed Duvessa
  2656 | D:5      | Reached skill level 9 in Polearms
  2656 | D:5      | Gained mutation: You have razor-sharp toenails. [demonic
                  | ancestry]
  2656 | D:5      | Reached XP level 8. HP: 56/56 MP: 8/8
  2664 | D:5      | Killed Dowan
  2818 | D:5      | Noticed Menkaure
  2823 | D:5      | Killed Menkaure
  2832 | D:5      | Found Syizour's Assorted Antiques.
  2944 | D:5      | Found a staircase to the Ecumenical Temple.
  3009 | D:5      | Reached *** piety under Okawaru
  3430 | D:6      | Found Feqym's Food Shoppe.
  3439 | D:6      | Reached skill level 10 in Polearms
  3475 | D:6      | Noticed Edmund
  3773 | D:6      | Killed Edmund
  3974 | D:6      | Found a hide-covered altar of Uskayaw.
  3977 | D:6      | Found a basalt altar of Yredelemnul.
  3978 | D:6      | Found a glowing golden altar of the Shining One.
  3978 | D:6      | Found a snail-covered altar of Cheibriados.
  3978 | D:6      | Found a sacrificial altar of Ru.
  3979 | D:6      | Found a sparkling altar of Nemelex Xobeh.
  4381 | D:7      | Reached skill level 11 in Polearms
  4381 | D:7      | Reached XP level 9. HP: 56/61 MP: 9/9
  4540 | D:7      | Reached **** piety under Okawaru
  4763 | D:8      | Reached skill level 12 in Polearms
  5068 | D:8      | Noticed a two-headed ogre
  5072 | D:8      | Slain by a two-headed ogre

Vault maps used:
D:1:      eino_arrival_cavern_b, minivault_25
D:2:      okawaru_gym_becter, chequers_ecumenical_altar_island,
          grunt_dithmenos_smoke
D:4:      first_ration, hangedman_abyss_or_decor_slice, corexii_corridor_pit,
          hangedman_feature_mirror, lemuel_statue_altar, uniq_natasha, uniq_ijyb
D:5:      nicolae_overflow_hidden_temple, minmay_temple_entry_purple_smoke,
          serial_shops, kennysheep_mini_moat, shop, shop,
          hellmonk_ghost_happy_afterlife, grunt_ministairs_1,
          minmay_stone_trees_medium, kennysheep_generic_room_8, uniq_menkaure,
          uniq_duvessa, uniq_prince_ribbit1
D:6:      grunt_temple_overflow_open, serial_shops, nicolae_shop_statue_plus,
          uniq_edmund
D:7:      kb_rosetta
D:8:      kennysheep_little_box

Skill      XL: |  1  2  3  4  5  6  7  8  9 |
---------------+----------------------------+-----
Polearms       | 3 4 5 6 7 9 11 12 | 12.4
Fighting       | |  2.0
Throwing       | |  1.7
Dodging        | |  2.6

Action                   |  1- 3 |  4- 6 |  7- 9 || total
-------------------------+-------+-------+-------++-------
Melee: Trident           |    38 |       |       ||    38
       Whip              |    51 |    89 |   190 ||   330
       Kick              |    13 |    33 |    56 ||   102
Invok: Heroism           |       |       |     1 ||     1
  Use: Potion            |       |       |     1 ||     1
       Scroll            |       |       |     9 ||     9
 Stab: Sleeping          |       |     3 |     1 ||     4
       Distracted        |       |     1 |       ||     1
  Eat: Chunk             |       |     3 |    10 ||    13
Armor: Leather armour    |    27 |    14 |     8 ||    49
       Scale mail        |       |       |    46 ||    46
Dodge: Dodged            |    51 |    59 |   103 ||   213

Table legend:
 A = Non-vault XP
 B = Vault XP
 C = Vault XP percentage of total XP
 D = Non-vault monster count
 E = Vault monster count
 F = Vault count percentage of total count
                 A         B        C        D         E       F
            +---------+---------+-------+---------+---------+-------
      Total |    3057 |    1499 |  32.9 |     155 |      12 |   7.2
            +---------+---------+-------+---------+---------+-------
        D:1 |      59 |       0 |   0.0 |      31 |       0 |   0.0
        D:2 |     104 |       0 |   0.0 |      22 |       0 |   0.0
        D:4 |     409 |      67 |  14.1 |      20 |       2 |   9.1
        D:5 |     477 |     872 |  64.6 |      20 |       5 |  20.0
        D:6 |     399 |     162 |  28.9 |      15 |       1 |   6.2
        D:7 |     525 |     398 |  43.1 |      19 |       4 |  17.4
        D:8 |    1084 |       0 |   0.0 |      28 |       0 |   0.0
            +---------+---------+-------+---------+---------+-------

Table legend:
 A = Turns spent in this place as a percentage of turns spent in the entire game.
 B = Non-inter-level travel turns spent in this place as a percentage of non-inter-level travel turns spent in the entire game.
 C = Inter-level travel turns spent in this place as a percentage of turns spent in this place.
 D = Turns resting spent in this place as a percentage of non-inter-level travel turns spent in this place.
 E = Turns spent auto-exploring this place as a percentage of non-inter-level travel turns spent in this place.
 F = Non-inter-level travel turns spent in this place divided by the number of levels of this place that you've seen.
                   A       B       C       D       E      F
               +-------+-------+-------+-------+-------+----------------------
         Total | 100.0 | 100.0 |   1.5 |  12.5 |  68.2 | 713.4
       Dungeon | 100.0 | 100.0 |   1.5 |  12.5 |  68.2 | 713.4
               +-------+-------+-------+-------+-------+----------------------

Table legend:
 A = Kills in this place as a percentage of kills in entire the game.
 B = Kills by you in this place as a percentage of kills by you in the entire game.
 C = Kills by friends in this place as a percentage of kills by friends in the entire game.
 D = Other kills in this place as a percentage of other kills in the entire game.
 E = Experience gained in this place as a percentage of experience gained in the entire game.
 F = Experience gained in this place divided by the number of levels of this place that you have seen.
                   A       B       C       D       E      F
               +-------+-------+-------+-------+-------+----------------------
         Total | 100.0 | 100.0 | 100.0 |   N/A | 100.0 | 650.9
       Dungeon | 100.0 | 100.0 | 100.0 |   N/A | 100.0 | 650.9
               +-------+-------+-------+-------+-------+----------------------
